 Dungeon Crawl Stone Soup version bcrawl-1.12-11-gb93c957c58 (console) character file.

Game seed: 16402821199548151415

220 Lexodia the Slasher (level 5, -3/49 HPs)
             Began as an Ogre Archaeologist on July 3, 2019.
             Slain by a scorpion (7 damage)
             ... on level 3 of the Dungeon.
             The game lasted 00:06:10 (2609 turns).

Lexodia the Slasher (Ogre Archaeologist)            Turns: 2609, Time: 00:06:11

Health: -3/49      AC:  5    Str: 18 (19) XL:     5   Next: 97%
Magic:  5/5        EV: 10    Int: 12 (15) God:
Gold:   150        SH:  0    Dex:  7 (8)  Spells: 4/4 levels left

rFire    . . .     SeeInvis .   q - +0 dagger (speed)
rCold    . . .     Gourm    .   (no shield)
rNeg     . . .     Faith    .   a - +1 robe
rPois    .         Spirit   .   b - +1 hat
rElec    .         Reflect  .   (no cloak)
rCorr    .         Harm     .   (gloves unavailable)
MR       .....                  (boots unavailable)
Stlth    ++........             (no amulet)
HPRegen  0.16/turn              l - +4 ring of strength
MPRegen  0.09/turn              (no ring)

@: lethally poisoned (-3 -> -11), flying (expiring), very slightly contaminated,
hasted, studying Long Blades, invisible (expiring), very quick
A: large, unfitting armour, tough skin 1
a: no special abilities


You were on level 3 of the Dungeon.
You were not hungry.

You visited 1 branch of the dungeon, and saw 3 of its levels.

You collected 150 gold pieces.

Inventory:

Hand Weapons
 q - a +0 dagger of speed (weapon)
Missiles
 u - 346 stones (quivered)
 v - 83 javelins
Armour
 a - a +1 robe (worn)
 b - a +1 hat (worn)
Jewellery
 l - a +4 ring of strength (left hand)
Wands
 d - a wand of polymorph (10)
 s - a wand of iceblast (8)
Scrolls
 h - 4 scrolls of teleportation {unknown}
 i - 4 scrolls of remove curse {unknown}
 j - 2 scrolls of enchant weapon {unknown}
 p - a scroll of noise {unknown}
 r - a scroll of immolation {unknown}
 t - 3 scrolls of blinking {unknown}
Potions
 m - a potion of flight
 w - a potion of brilliance {unknown}
Books
 e - a manual of Long Blades
Miscellaneous
 f - an ancient crate
Comestibles
 g - 3 rations {!d}
 x - 6 chunks of flesh


   Skills:
 - Level 2.2 Fighting
 * Level 4.8 Long Blades
 + Level 2.6 Throwing
 - Level 3.0 Dodging
 - Level 3.0 Stealth


You had 4 spell levels left.
You didn't know any spells.
Your spell library was empty.

Dungeon Overview and Level Annotations

Branches:
Dungeon (3/12)

Altars:
Cheibriados
Lugonu
Makhleb
Trog
The Shining One


Innate Abilities, Weirdness & Mutations

You are too large for most types of armour.
You have tough skin. (AC +1)


Message History

You barely miss the scorpion.
The scorpion is heavily wounded.
You closely miss the scorpion.
The scorpion is heavily wounded.
You flicker for a moment.
The scorpion stings you.
* * * LOW HITPOINT WARNING * * *
You are lethally poisoned!
The scorpion poisons you!
Unknown command.
It was a potion of degeneration.
There was something very wrong with that liquid.
You feel weakened.
You feel dopey.
You feel clumsy.
You are starting to lose your buoyancy.
* * * LOW HITPOINT WARNING * * *
You feel sick. The scorpion barely misses you.
It was a potion of haste.
You feel yourself speed up.
* * * LOW HITPOINT WARNING * * *
You feel sick. The scorpion stings you!
You die...

## .####+#### #
#........
#..$.... #......
.....####
#......# #...s..#
#.#..@...#
###.#......# ..
............#...
............#...
.#..##.#.###.....
....
#.#.......... .#.
#.#)#.#.#.....#.#
..
#†...............
#..†#.#.#.....#.#


You could see a scorpion.

Vanquished Creatures
  A bullfrog (D:3)
  2 orc wizards (D:3)
  An adder (D:3)
  A worm (D:2)
  3 dart slugs
  7 leopard geckos
  7 orcs (D:3)
  2 giant cockroaches (D:1)
  8 goblins
  12 hobgoblins
  A quokka (D:2)
  2 ball pythons
  8 bats
  3 frilled lizards
  7 kobolds
  12 rats
77 creatures vanquished.

Notes
Turn   | Place    | Note
-------+----------+-------------------------------------------
     0 | D:1      | Lexodia the Ogre Archaeologist began the quest for the Orb.
     0 | D:1      | Reached XP level 1. HP: 19/19 MP: 1/1
   190 | D:1      | Reached XP level 2. HP: 28/28 MP: 2/2
   340 | D:1      | Reached skill level 1 in Throwing
   366 | D:1      | Reached XP level 3. HP: 25/35 MP: 3/3
   633 | D:2      | Reached skill level 1 in Long Blades
  1301 | D:2      | Found a bloodstained altar of Trog.
  1354 | D:2      | Reached skill level 2 in Long Blades
  1580 | D:2      | Reached XP level 4. HP: 39/42 MP: 4/4
  2066 | D:3      | Reached skill level 3 in Long Blades
  2237 | D:3      | Noticed a bullfrog
  2252 | D:3      | Killed a bullfrog
  2252 | D:3      | Reached skill level 4 in Long Blades
  2252 | D:3      | Reached XP level 5. HP: 32/49 MP: 5/5
  2348 | D:3      | Found a glowing golden altar of the Shining One.
  2439 | D:3      | Found a snail-covered altar of Cheibriados.
  2439 | D:3      | Found a burning altar of Makhleb.
  2439 | D:3      | Found a corrupted altar of Lugonu.
  2609 | D:3      | Slain by a scorpion

Skill      XL: |  1  2  3  4 |
---------------+-------------+-----
Fighting       | 2 |  2.2
Throwing       | 1 2 |  2.6
Dodging        | 3 |  3.0
Long Blades    | 2 4 |  4.8
Stealth        | 3 |  3.0

Action                   |  1- 3 |  4- 6 || total
-------------------------+-------+-------++-------
Melee: Unarmed           |    43 |       ||    43
       Club              |    33 |       ||    33
       Short sword       |    75 |       ||    75
       Dagger            |   106 |   180 ||   286
Throw: Javelin           |       |     5 ||     5
       Stone             |       |    16 ||    16
  Use: Potion            |       |     5 ||     5
 Stab: Sleeping          |     3 |     2 ||     5
       Invisible         |       |     4 ||     4
  Eat: Chunk             |     3 |     3 ||     6
Armor: Robe              |   125 |    49 ||   174
Dodge: Dodged            |   168 |    84 ||   252
